 Dungeon Crawl Stone Soup version 0.29-a0-321-gf1c400731a (webtiles) character file.

Game seed: 8661661677487525439

3 zishaf the Sneak (level 1, 0/11 HPs)
             Began as a Vine Stalker Brigand on Apr 4, 2022.
             Frozen to death by an endoplasm (3 damage)
             ... on level 1 of the Dungeon.
             The game lasted 00:00:16 (67 turns).

zishaf the Sneak (Vine Stalker Brigand)               Turns: 67, Time: 00:00:16

Health: 0/11       AC:  3    Str: 13    XL:     1   Next: 50%
Magic:  0/2        EV: 11    Int: 11    God:
Gold:   0          SH:  0    Dex: 15    Spells: 0/0 levels left

rFire   . . .      SeeInvis .   a - +2 dagger
rCold   . . .      Faith    .   (no shield)
rNeg    . . .      Spirit   +   b - +0 robe
rPois   .          Reflect  .   (no helmet)
rElec   .          Harm     .   c - +0 cloak
rCorr   .          Rampage  .   (no gloves)
Will    .....                   (no boots)
Stlth   +++.......              (no amulet)
HPRegen 0.03/turn               (no ring)
MPRegen 0.08/turn               (no ring)

@: no status effects
A: fangs 2, magic shield, antimagic bite, no potion heal 2
a: no special abilities


You were on level 1 of the Dungeon.
You visited 1 branch of the dungeon, and saw 1 of its levels.

Inventory:

Hand Weapons
 a - a +2 dagger (weapon)
Missiles
 d - 9 poisoned darts (quivered)
 e - 3 curare-tipped darts
Armour
 b - a +0 robe (worn)
 c - a +0 cloak (worn)
Scrolls
 f - a scroll of identify {unknown}


   Skills:
 + Level 1.9 Fighting
 + Level 1.9 Short Blades
 - Level 1.7 Throwing
 - Level 0.7 Dodging
 + Level 4.9 Stealth


You couldn't memorise any spells.
You didn't know any spells.
Your spell library was empty.

Dungeon Overview and Level Annotations

Branches:
Dungeon (1/15)

Altars:


Innate Abilities, Weirdness & Mutations

You have extremely sharp teeth.
When hurt, damage is shared between your health and your magic reserves.
Your bite disrupts and absorbs the magic of your enemies.
Potions cannot restore your health.


Message History

You closely miss the kobold.
The kobold hits you with a +0 short sword.
You hit the kobold.
The kobold is moderately wounded.
A bat comes into view.
The kobold hits you with a +0 short sword.
A ball python comes into view.
You are too injured to fight recklessly!
You are too injured to fight recklessly!
You are too injured to fight recklessly!
The endoplasm quivers.
The kobold attacks as you move away! The kobold barely misses you.
You are too injured to fight recklessly!
You barely miss the kobold. You bite the kobold, but do no damage.
The kobold is moderately wounded.
The kobold misses you.
You hit the kobold but do no damage.
The kobold is moderately wounded.
The kobold completely misses you. The bat barely misses you.
You hit the kobold. You bite the kobold, but do no damage.
The kobold is severely wounded.
The bat barely misses you. The kobold closely misses you.
The bat closely misses you. The kobold attacks as you move away!
The kobold hits you with a +0 short sword.
* * * LOW HITPOINT WARNING * * *
The bat hits you but does no damage.
You hit the bat.
You kill the bat!
You barely miss the ball python. The ball python barely misses you.
The ball python grabs you. The ball python constricts you.
The ball python barely misses you. The ball python constricts you.
* * * LOW HITPOINT WARNING * * *
You hit the ball python.
You kill the ball python!
You hit the endoplasm.
The endoplasm is lightly wounded.
The endoplasm freezes you.
You are frozen.
You die...

#####.. #.# #
...... b.#.#
###....##.S..#..
.J..............
................
##.#.#.######..
#.K# # ##J# #.
#@##
#.#♣.♣..####..#
#.............#
#.#♣.♣#.#####.#..
#..............
#♣.♣##.####.#..
.. #..# #.# #..
##.# #.# ##
#.###.#


You could see an endoplasm and a kobold.

Vanquished Creatures
  A ball python (D:1)
  An endoplasm (D:1)
  A bat (D:1)
3 creatures vanquished.

Notes
Turn   | Place    | Note
-------+----------+-------------------------------------------
     0 | D:1      | zishaf the Vine Stalker Brigand began the quest for the
                  | Orb.
     0 | D:1      | Reached XP level 1. HP: 11/11 MP: 2/2
    67 | D:1      | Frozen to death by an endoplasm

Illustrated notes

Levels and vault maps discovered:
D:1:      dpeg_arrival_simpleton_c, layout_basic, serial_forest,
          infiniplex_forest_clump_C, infiniplex_forest_end_double,
          infiniplex_forest_join, infiniplex_forest_end_1,
          infiniplex_forest_lined_2, lexackson_kobold_supper

Action                   || total
-------------------------++-------
Melee: Dagger            ||    12
       Bite              ||     4
Armor: Robe              ||     1
Dodge: Dodged            ||    11

Table legend: (Time is in decaauts)
 A = Elapsed time spent in this place.
 B = Non-inter-level travel time spent in this place.
 C = Inter-level travel time spent in this place.
 D = Time resting spent in this place.
 E = Time spent auto-exploring this place.
 F = Levels seen in this place.
 G = Mean time per level.
                   A        B        C        D        E       F      G
               +--------+--------+--------+--------+--------+-----+--------+
         Total |     66 |     66 |      0 |      0 |     45 |   1 |   66.0 |
       Dungeon |     66 |     66 |      0 |      0 |     45 |   1 |   66.0 |
               +--------+--------+--------+--------+--------+-----+--------+

Top non-repeatable levels by time:
     D:1: 66 daAuts
